 Dungeon Crawl Stone Soup version 0.29-a0-791-ga0f254aafb (webtiles) character file.

Game seed: 10417878138859042792

1834 Malachi the Slicer (level 8, -3/90 HPs)
             Began as a Demonspawn Brigand on July 3, 2022.
             Was an Initiate of Yredelemnul.
             Killed from afar by a steam dragon (24 damage)
             ... with a ball of steam
             ... on level 7 of the Dungeon.
             The game lasted 00:17:33 (9775 turns).

Malachi the Slicer (Demonspawn Brigand)             Turns: 9775, Time: 00:17:34

Health: -3/90      AC: 11    Str: 12    XL:     8   Next: 87%
Magic:  8/8        EV: 11    Int: 13    God:    Yredelemnul [......]
Gold:   403        SH:  0    Dex: 16    Spells: 7/7 levels left

rFire   . . .      SeeInvis .   P - +0 dagger (venom)
rCold   . . .      Faith    .   (no shield)
rNeg    . . .      Spirit   .   D - +0 leather armour
rPois   .          Reflect  .   R - +0 helmet
rElec   .          Harm     .   c - +0 cloak
rCorr   .          Rampage  .   x - +0 pair of gloves
Will    .....                   C - +2 pair of boots
Stlth   ..........              (no amulet)
HPRegen 0.25/turn               (no ring)
MPRegen 0.11/turn               (no ring)

@: confused, mighty, berserking, ambrosia-drunk, very quick
A: molten scales 1, foul stench 1, demonic magic 1
a: Renounce Religion, Recall Undead Harvest


You were on level 7 of the Dungeon.
You worshipped Yredelemnul.
Yredelemnul was noncommittal.
You visited 1 branch of the dungeon, and saw 7 of its levels.
You also visited: Ossuary.

You collected 403 gold pieces.

Inventory:

Hand Weapons
 a - a +2 dagger
 N - a +0 dagger of freezing
 P - a +0 dagger of venom (weapon)
Missiles
 d - 17 poisoned darts (quivered)
 e - 3 curare-tipped darts
 E - 3 javelins
Armour
 c - a +0 cloak (worn)
 x - a +0 pair of gloves (worn)
 C - a +2 pair of boots (worn)
 D - a +0 leather armour (worn)
 R - a +0 helmet (worn)
 S - a +2 kite shield
Jewellery
 A - a ring of ice
Wands
 z - a wand of charming (18)
 B - a wand of iceblast (3)
 O - a wand of flame (20)
 Q - a wand of light (12)
Scrolls
 b - 2 scrolls of magic mapping
 f - 3 scrolls of immolation
 h - 3 scrolls of teleportation
 l - a scroll of fog
 m - 2 scrolls of amnesia
 s - 2 scrolls of enchant weapon
 y - a scroll of torment
 F - a scroll of enchant armour
 G - a scroll of noise {unknown}
 I - a scroll of brand weapon {unknown}
 J - a scroll of vulnerability {unknown}
 K - a scroll of summoning {unknown}
Potions
 g - a potion of magic
 k - 3 potions of curing
 n - a potion of attraction
 o - 2 potions of lignification {unknown}
 p - a potion of resistance {unknown}
 q - a potion of haste {unknown}
 r - 3 potions of ambrosia
 u - 3 potions of mutation {unknown}
 v - a potion of brilliance {unknown}
 w - 3 potions of heal wounds {unknown}
 H - a potion of cancellation {unknown}
 L - a potion of degeneration {unknown}
 M - 4 potions of flight {unknown}


   Skills:
 + Level 4.0 Fighting
 - Level 10.0 Short Blades
 - Level 1.7 Throwing
 - Level 1.0 Armour
 - Level 0.8 Dodging
 - Level 3.6 Stealth
 + Level 0.1 Shields
 + Level 0.1 Fire Magic
 + Level 0.1 Air Magic
 + Level 0.3 Earth Magic
 - Level 0.6 Evocations


You had 7 spell levels left.
You didn't know any spells.
Your spell library contained the following spells:

 Spells                   Type           Power      Damage    Failure   Level
 Shock                    Conj/Air       0%         1d3       36%         1
 Blink                    Tloc           0%         N/A       52%         2
 Ensorcelled Hibernation  Hex/Ice        0%         N/A       52%         2
 Confusing Touch          Hex            0%         N/A       75%         3
 Conjure Flame            Conj/Fire      0%         6-21      75%         3
 Ignite Poison            Fire/Tmut/Pois 0%         N/A       75%         3
 Spider Form              Tmut/Pois      0%         N/A       75%         3
 Swiftness                Air            0%         N/A       75%         3
 Airstrike                Air            0%         0-1+      98%         4
 Anguish                  Hex/Necr       0%         N/A       98%         4
 Sticky Flame             Conj/Fire      0%         2d3       98%         4
 Blade Hands              Tmut           0%         N/A       100%        5
 Irradiate                Conj/Tmut      0%         3d13      100%        5
 Yara's Violent Unravell  Hex/Tmut       0%         3d3       100%        5
 Dragon Form              Tmut           0%         N/A       100%        7
 Enfeeble                 Hex            0%         N/A       100%        7


Dungeon Overview and Level Annotations

Branches:
Dungeon (7/15)             Temple (0/1) D:5         Ossuary (visited)

Altars:
Hepliaklqana
Kikubaaqudgha
Sif Muna
Uskayaw
Vehumet
Xom
Yredelemnul

Shops:
D:1 :


Innate Abilities, Weirdness & Mutations

You are partially covered in molten scales. (AC +2)
You may rarely emit foul miasma when damaged in melee.
Spells you cast may paralyse adjacent enemies.


Message History

The steam dragon breathes steam at you. The ball of steam hits you!
The ball of steam hits the steam dragon!
The steam dragon resists.
You hear a shout! x2; The gnoll sergeant shouts!
You hit the steam dragon.
The steam dragon looks as sick as possible!
The steam dragon is almost dead.
You are engulfed in a cloud of scalding steam.
You kill the steam dragon!
Your Fighting skill increases to level 4!
An orc comes into view. It is wielding a +0 whip.
The steam dragon breathes steam at you. The ball of steam hits you!
* * * LOW HITPOINT WARNING * * *
The orc is engulfed in a cloud of scalding steam.
You hear a shout! x3
The steam dragon breathes steam at you. The ball of steam hits you!
* * * LOW HITPOINT WARNING * * *
You are engulfed in a cloud of scalding steam.
* * * LOW HITPOINT WARNING * * *
You feel better. The steam dragon closely misses you.
The steam dragon claws you but does no damage.
It was a potion of might.
You feel very mighty all of a sudden. The steam dragon bites you.
* * * LOW HITPOINT WARNING * * *
The steam dragon barely misses you.
Okay, then.
You are confused.
You feel invigorated.
The steam dragon bites you but does no damage.
The steam dragon barely misses you.
A red film seems to cover your vision as you go berserk!
You feel yourself moving faster!
You feel mighty! The steam dragon breathes steam at you.
The ball of steam hits you!!
You die...
Your body rises from the dead as a mindless zombie.

.#.#.#.#.#.#.#.....# #..
#.#.#.#.#.#.#.#....+#.##.
.#+#.#.#.#.#.#.....#.#..
(
......#.#.#.#.#.#'#.#.##.
.....#.#.#.#.#.#.#.#.#..
.....+#.#.#.#.#.#.#.#.#
....
.#.#.#.#.#.#.#.###### +#
..
+#.#.#.#.#.#.#.#...###.#
.#.#.#.#@#.#.#...........
+#.#.#.#D#.#...........
#.#.#.#.#o#.#.........
#.#.#.#.#.#g#..........
.#.#.#.#.#.#.#o..###.# ..
.#.#.#.#.#.#.#g.###.#.##
#.#+#.#.#.#.#.....ยง.[...
.# ..#.#.#.#.......g....
...+#.#.#+##...###....


You could see a steam dragon (catching breath), a gnoll sergeant and an orc.

Vanquished Creatures
  A steam dragon (D:7)
  2 ice beasts (D:5)
  2 ogres
  A centaur (D:6)
  A phantom (D:5)
  A bullfrog (D:6)
  A necrophage (D:5)
  2 centaur zombies (Ossuary)
  7 hounds
  3 jellies
  3 iguanas (D:5)
  Jessica (D:2)
  3 orc wizards (D:6)
  3 ogre zombies (Ossuary)
  3 mummies (Ossuary)
  5 adders
  3 gnolls (D:2)
  A river rat (D:6)
  4 shadow imps
  2 white imps (D:5)
  An ufetubus (D:5)
  2 adder zombies
  5 worms
  A dart slug (D:2)
  15 orcs
  4 endoplasms
  6 giant cockroaches
  A gnoll zombie (Ossuary)
  10 goblins
  10 hobgoblins
  2 jackals (D:3)
  4 quokkas
  9 ball pythons
  7 bats
  A frilled lizard (D:1)
  3 goblin zombies (Ossuary)
  5 hobgoblin zombies (Ossuary)
  8 kobolds
  3 kobold zombies (Ossuary)
  8 quokka zombies
  10 rats
  5 rat zombies (Ossuary)
169 creatures vanquished.

Vanquished Creatures (collateral kills)
  A quasit (D:5)
  3 jellies
  An orc wizard (D:6)
  A gnoll (D:2)
  An adder (D:5)
  A white imp (D:5)
  An ufetubus (D:5)
  A dart slug (D:3)
  3 orcs
  A hobgoblin (D:3)
  A jackal (D:3)
  A bat (D:2)
16 creatures vanquished.

Vanquished Creatures (others)
  3 hound zombies
  A spectral quasit (D:5)
  A jelly zombie (D:5)
  2 spectral shadow imps
  A bat zombie (D:2)
  3 ball python zombies
  2 goblin zombies
  A jackal zombie (D:3)
  6 orc zombies
  6 demonic plants (D:5)
26 creatures vanquished.

Grand Total: 211 creatures vanquished

Notes
Turn   | Place    | Note
-------+----------+-------------------------------------------
     0 | D:1      | Malachi the Demonspawn Brigand began the quest for the Orb.
     0 | D:1      | Reached XP level 1. HP: 16/16 MP: 1/1
    58 | D:1      | Reached skill level 2 in Short Blades
   241 | D:1      | Gained mutation: You are partially covered in molten
                  | scales. (AC +2) [demonic ancestry]
   241 | D:1      | Reached XP level 2. HP: 22/22 MP: 2/2
   635 | D:1      | Reached skill level 3 in Short Blades
   674 | D:1      | Found Pob Xeujup's Book Shop.
  1173 | D:1      | Reached XP level 3. HP: 25/27 MP: 3/3
  1339 | D:2      | Found a faded altar of an unknown god.
  1354 | D:2      | Prayed at the altar of an unknown god.
  1354 | D:2      | Became a worshipper of Yredelemnul the Dark
  1354 | D:2      | Reached * piety under Yredelemnul
  1965 | D:2      | Reached skill level 4 in Short Blades
  1965 | D:2      | Gained mutation: You may rarely emit foul miasma when
                  | damaged in melee. [demonic ancestry]
  1965 | D:2      | Reached XP level 4. HP: 33/33 MP: 4/4
  2121 | D:2      | Noticed Jessica
  2127 | D:2      | Killed Jessica
  2128 | D:2      | Reached ** piety under Yredelemnul
  2133 | D:2      | Got Jessica's Almanac of Orientation
  3021 | D:3      | Reached XP level 5. HP: 38/38 MP: 5/5
  3212 | D:3      | Reached skill level 5 in Short Blades
  3754 | D:3      | Found a basalt altar of Yredelemnul.
  3973 | D:4      | Noticed a +0 hand axe
  3975 | D:4      | Noticed a +0 dagger
  3977 | D:4      | Found a hide-covered altar of Uskayaw.
  4091 | D:4      | Found a shimmering altar of Xom.
  4105 | D:4      | Found a hazy altar of Hepliaklqana.
  4106 | D:4      | Noticed a spectral ugly thing
  4482 | D:4      | Found a sand-covered staircase.
  4491 | Ossuary  | Entered an ossuary
  4501 | Ossuary  | Reached XP level 6. HP: 44/44 MP: 6/6
  4658 | Ossuary  | Reached skill level 6 in Short Blades
  5170 | Ossuary  | Reached skill level 1 in Armour
  5976 | D:5      | Entered Level 5 of the Dungeon
  6131 | D:5      | Gained mutation: Spells you cast may paralyse adjacent
                  | enemies. [demonic ancestry]
  6131 | D:5      | Reached XP level 7. HP: 10/50 MP: 7/7
  6358 | D:5      | Reached skill level 7 in Short Blades
  7149 | D:5      | Reached skill level 8 in Short Blades
  7172 | D:5      | Found a staircase to the Ecumenical Temple.
  7219 | D:5      | Reached *** piety under Yredelemnul
  7229 | D:5      | Reached XP level 8. HP: 24/56 MP: 6/8
  7831 | D:6      | Reached skill level 9 in Short Blades
  8289 | D:6      | Found a radiant altar of Vehumet.
  8437 | D:6      | Found an ancient bone altar of Kikubaaqudgha.
  8447 | D:6      | Found a shimmering blue altar of Sif Muna.
  8923 | D:6      | Reached skill level 10 in Short Blades
  9771 | D:7      | HP: 2/60 [steam dragon] (2)]
  9775 | D:7      | Killed from afar by a steam dragon

Illustrated notes

Levels and vault maps discovered:
D:1:      lemuel_arrival_behind_the_door_large, layout_loops_corners,
          serial_shops, shop, minmay_surrounded
D:2:      layout_basic, ebering_ecumenical_altar_abandoned,
          kennysheep_jessica_study
D:3:      layout_loops_ring, lemuel_zombie_altar_yredelemnul,
          grunt_ministairs_12
D:4:      layout_loops_ring, regret_index_temple_of_mockery,
          dancing_weapons_uskayaw, nicolae_ossuary_entry_plus,
          kennysheep_another_room
D:5:      layout_basic, minmay_temple_entry_mini_moons, serial_demonic,
          serial_demonic_f, serial_demonic_g, serial_demonic_c,
          serial_demonic_d, grunt_tough_drop
D:6:      layout_basic, palyth_temple_overflow_mages, portal_sewer_entry_e
D:7:      layout_basic, nicolae_gozag_cash_rules_everything_around_me,
          serial_shops, shop_statue, minmay_misc_feat_five

Skill      XL: |  1  2  3  4  5  6  7  8 |
---------------+-------------------------+-----
Short Blades   | 2 3 4 5 6 8 10 | 10.0
Armour         | 1 |  1.0
Fighting       | 4 |  4.0
Throwing       | |  1.7
Dodging        | |  0.8
Stealth        | |  3.6
Shields        | |  0.1
Fire Magic     | |  0.1
Air Magic      | |  0.1
Earth Magic    | |  0.3
Evocations     | |  0.6

Action                   |  1- 3 |  4- 6 |  7- 9 || total
-------------------------+-------+-------+-------++-------
Melee: Dagger            |   116 |   380 |   338 ||   834
       Punch             |     1 |     4 |     7 ||    12
Invok: Recall Undead Har |       |     1 |     3 ||     4
       Dark Bargain      |       |       |     1 ||     1
Evoke: Wand              |       |     1 |     1 ||     2
  Use: Scroll            |       |     8 |     5 ||    13
       Potion            |       |       |     4 ||     4
 Stab: Sleeping          |    11 |    26 |     5 ||    42
       Distracted        |     2 |     5 |     3 ||    10
Armor: Robe              |    42 |    26 |       ||    68
       Leather armour    |       |    62 |   111 ||   173
Dodge: Dodged            |    56 |   124 |   117 ||   297

Table legend: (Time is in decaauts)
 A = Elapsed time spent in this place.
 B = Non-inter-level travel time spent in this place.
 C = Inter-level travel time spent in this place.
 D = Time resting spent in this place.
 E = Time spent auto-exploring this place.
 F = Levels seen in this place.
 G = Mean time per level.
                   A        B        C        D        E       F      G
               +--------+--------+--------+--------+--------+-----+--------+
         Total |   9501 |   9282 |    219 |   1494 |   5849 |   8 | 1187.6 |
       Dungeon |   8331 |   8112 |    219 |    957 |   5849 |   7 | 1190.1 |
       Ossuary |   1169 |   1169 |      0 |    537 |      0 |   1 | 1169.0 |
               +--------+--------+--------+--------+--------+-----+--------+

Top non-repeatable levels by time:
     D:5: 1734 daAuts
     D:6: 1734 daAuts
     D:2: 1631 daAuts
     D:1: 1339 daAuts
 Ossuary: 1169 daAuts
     D:3: 948 daAuts
     D:4: 780 daAuts
     D:7: 162 daAuts
